AoeStats
← Andrew

Arena

510283322Analyzed
1v1 RM · 15h ago on Sep 30, 2026· 32m 13s· 2 players
Game mode
Random Map
Map size
Tiny (2 player)
Population
200
Speed
Normal
Resources
Standard
Victory
Conquest
Starting age
Dark Age
Ending age
Imperial Age
RankedLock teamsTeams togetherTeam positionsShared explorationLock speedFull tech treeHidden civsTurbo modeCheats
Victory
Defeat
🇻🇪 Bohemians · Venezuela
543
+18
🇨🇿 Portuguese · Czechia
584
-36
Andrew
0:42 Loom
14:45 Feudal Age
16:02 Wheelbarrow
16:17 Double-Bit Axe
16:18 Horse Collar
20:49 Castle Age
20:27 Forging
20:17 Scale Mail Armor
20:16 Man-at-Arms
20:43 Arson
22:11 Hand Cart
24:20 Squires
23:41 Long Swordsman
25:57 Town Watch
26:15 Heavy Plow
32:12 Iron Casting
31:53 Chain Mail Armor
31:28 Fletching
31:38 Padded Archer Armor
popi1990
11:30 Loom
15:19 Feudal Age
15:46 Double-Bit Axe
15:54 Town Watch
16:00 Horse Collar
17:30 Stone Mining
18:39 Arson
20:36 Forging
20:30 Scale Mail Armor
22:39 Wheelbarrow
22:35 Scale Barding Armor
24:33 Gold Mining
25:15 Bloodlines
27:59 Castle Age
26:41 Man-at-Arms
28:51 Long Swordsman
29:27 Light Cavalry
31:06 Husbandry
Connection lost

Rejoining the realm…

Still unreachable

The connection could not be restored.

Session expired

The server has moved on; the page needs a fresh start.